MWL (24 & UNDER)
COLUMBIA 08S @ BEMIDJI BENDERS
08/11/2026
 
TOP OF THE 1ST
Columbia 08s batting - Pitching for Bemidji Benders : RHP Sixto Santiago
Pitching: RHP Sixto Santiago
Batting: LHB Francisco Gonzáles 0-0: Called Strike
0-1: Ball
1-1: Ball
2-1: Foul Ball, location: 2F
2-2: Fly out, F8 (Flyball, 8RS)
Batting: RHB Carlos López 0-0: Ball
1-0: Ball
2-0: Called Strike
2-1: Ball
3-1: Base on Balls
Batting: RHB Casey Fox 0-0: Ball
1-0: Grounds into double play, U6-3 (Groundball, 6)
Top of the 1st over - 0 run(s), 0 hit(s), 0 error(s), 0 left on base; Columbia 0 - Bemidji 0
BOTTOM OF THE 1ST
Bemidji Benders batting - Pitching for Columbia 08s : RHP Cam Sparks
Pitching: RHP Cam Sparks
Batting: LHB Bruce Foster 0-0: Foul Ball, location: 2F
0-1: Called Strike
0-2: SINGLE (Groundball, 4MD)
Batting: SHB Dave Henley 0-0: Ball
1-0: SINGLE (Line Drive, 6)
Bruce Foster to second
Batting: LHB Todd Anderson 0-0: Swinging Strike
0-1: Ball
1-1: Fly out, F7 (Flyball, 7LS)
Batting: LHB Raúl Morales 0-0: Ball
1-0: Fly out, F9 (Flyball, 89M)
Batting: LHB Jesús Raugel 0-0: Ball
1-0: Called Strike
1-1: Ground out 1-3 (Groundball, 23)
Bottom of the 1st over - 0 run(s), 2 hit(s), 0 error(s), 2 left on base; Columbia 0 - Bemidji 0
TOP OF THE 2ND
Columbia 08s batting - Pitching for Bemidji Benders : RHP Sixto Santiago
Batting: RHB Jaime Hernández 0-0: Ball
1-0: Foul Ball, location: 2F
1-1: DOUBLE (Flyball, 9LM)
Batting: RHB Tom Hicks 0-0: Swinging Strike
0-1: Foul Ball, location: 2F
0-2: Ball
1-2: Fly out, F9 (Flyball, 9S)
Batting: RHB Ben Barker 0-0: Called Strike
0-1: Swinging Strike
0-2: Ball
1-2: Fly out, F8 (Flyball, 8RM)
Batting: RHB Pablo Díaz 0-0: Swinging Strike
0-1: Ball
1-1: Ball
2-1: Foul Ball, location: 2F
2-2: SINGLE (Groundball, 4M)
Jaime Hernández to third
Runner from 3rd tries for Home, SAFE, throw made home
Batting: RHB Bernardo Corona 0-0: Ball
1-0: Ball
2-0: Called Strike
2-1: Called Strike
2-2: Foul Ball, location: 2F
2-2: Strikes out swinging
Top of the 2nd over - 1 run(s), 2 hit(s), 0 error(s), 1 left on base; Columbia 1 - Bemidji 0
BOTTOM OF THE 2ND
Bemidji Benders batting - Pitching for Columbia 08s : RHP Cam Sparks
Batting: RHB Bob Carr 0-0: Ball
1-0: Ground out 6-3 (Groundball, 6)
Batting: RHB Aaron Washington 0-0: Ball
1-0: Foul Ball, location: 2F
1-1: Foul Ball, location: 2F
1-2: Ground out 5-3 (Groundball, 5)
Batting: LHB Simão Polido 0-0: Ball
1-0: Ground out U3 (Groundball, 3S)
Bottom of the 2nd over - 0 run(s), 0 hit(s), 0 error(s), 0 left on base; Columbia 1 - Bemidji 0
TOP OF THE 3RD
Columbia 08s batting - Pitching for Bemidji Benders : RHP Sixto Santiago
Batting: RHB Juan Trujillo 0-0: Called Strike
0-1: Swinging Strike
0-2: Ball
1-2: Ground out 6-3 (Groundball, 6M)
Batting: LHB Francisco Gonzáles 0-0: Called Strike
0-1: Ball
1-1: Foul Ball, location: 2F
1-2: Foul Ball, location: 2F
1-2: Ball
2-2: Fly out, F8 (Flyball, 8RD)
Batting: RHB Carlos López 0-0: Ball
1-0: Ground out 5-3 (Groundball, 5L)
Top of the 3rd over - 0 run(s), 0 hit(s), 0 error(s), 0 left on base; Columbia 1 - Bemidji 0
BOTTOM OF THE 3RD
Bemidji Benders batting - Pitching for Columbia 08s : RHP Cam Sparks
Batting: RHB Roberto Solís 0-0: Ball
1-0: Called Strike
1-1: Ball
2-1: Swinging Strike
2-2: Ball
3-2: Foul Ball, location: 2F
3-2: Base on Balls
Batting: LHB Bruce Foster 0-0: Called Strike
0-1: Ball
1-1: Ball
2-1: Fly out, F8 (Flyball, 89M)
Batting: SHB Dave Henley 0-0: Ball
1-0: Foul Ball, location: 2F
1-1: Ball
2-1: Ball
3-1: Foul Ball, location: 2F
3-2: Fly out, F8 (Flyball, 8LD)
Batting: LHB Todd Anderson 0-0: Foul Ball, location: 2F
0-1: Ball
1-1: Foul Ball, location: 2F
1-2: Ball
2-2: Ground out U3 (Groundball, 3S)
Bottom of the 3rd over - 0 run(s), 0 hit(s), 0 error(s), 1 left on base; Columbia 1 - Bemidji 0
TOP OF THE 4TH
Columbia 08s batting - Pitching for Bemidji Benders : RHP Sixto Santiago
Batting: RHB Casey Fox 0-0: Ball
1-0: Called Strike
1-1: Foul Ball, location: 2F
1-2: SINGLE (Flyball, 8LS)
Batting: RHB Jaime Hernández 0-0: Ball
1-0: Called Strike
1-1: Fly out, F9 (Line Drive, 9S)
Batting: RHB Tom Hicks 0-0: Ball
Casey Fox is caught stealing 2nd base
1-0: Ball
2-0: Ball
3-0: Called Strike
3-1: Foul Ball, location: 2F
3-2: Base on Balls
Batting: RHB Ben Barker 0-0: Called Strike
Throwing error on steal attempt, E2
Tom Hicks to third
0-1: Swinging Strike
0-2: Ball
1-2: Strikes out looking
Top of the 4th over - 0 run(s), 1 hit(s), 1 error(s), 1 left on base; Columbia 1 - Bemidji 0
BOTTOM OF THE 4TH
Bemidji Benders batting - Pitching for Columbia 08s : RHP Cam Sparks
Batting: LHB Raúl Morales 0-0: Called Strike
0-1: Foul Ball, location: 2F
0-2: Ball
1-2: Ball
2-2: Ground out 3-1 (Groundball, 34S)
Batting: LHB Jesús Raugel 0-0: Foul Ball, location: 2F
0-1: Called Strike
0-2: Strikes out swinging
Batting: RHB Bob Carr 0-0: Ground out 6-3 (Groundball, 6)
Bottom of the 4th over - 0 run(s), 0 hit(s), 0 error(s), 0 left on base; Columbia 1 - Bemidji 0
TOP OF THE 5TH
Columbia 08s batting - Pitching for Bemidji Benders : RHP Sixto Santiago
Batting: RHB Pablo Díaz 0-0: Called Strike
0-1: Ball
1-1: Ball
2-1: Swinging Strike
2-2: Ball
3-2: Base on Balls
Batting: RHB Bernardo Corona 0-0: Called Strike
0-1: Fly out, F7 (Flyball, 78M)
Batting: RHB Juan Trujillo 0-0: Ball
1-0: Ground out 5-3 (Groundball, 56S)
Pablo Díaz to second
Batting: LHB Francisco Gonzáles 0-0: Called Strike
0-1: Foul Ball, location: 2F
0-2: Strikes out swinging
Top of the 5th over - 0 run(s), 0 hit(s), 0 error(s), 1 left on base; Columbia 1 - Bemidji 0
BOTTOM OF THE 5TH
Bemidji Benders batting - Pitching for Columbia 08s : RHP Cam Sparks
Batting: RHB Aaron Washington 0-0: Ball
1-0: Ground out 6-3 (Groundball, 6M)
Batting: LHB Simão Polido 0-0: Bunt for hit - play at first, batter OUT! 2-3
Batting: RHB Roberto Solís 0-0: Called Strike
0-1: Ball
1-1: Ball
2-1: Ball
3-1: Ground out 6-3 (Groundball, 6)
Bottom of the 5th over - 0 run(s), 0 hit(s), 0 error(s), 0 left on base; Columbia 1 - Bemidji 0
TOP OF THE 6TH
Columbia 08s batting - Pitching for Bemidji Benders : RHP Sixto Santiago
Batting: RHB Carlos López 0-0: Ground out 5-3 (Groundball, 56)
Batting: RHB Casey Fox 0-0: Foul Ball, location: 2F
0-1: Ball
1-1: Fly out, F7 (Flyball, 7M)
Batting: RHB Jaime Hernández 0-0: Ball
1-0: Ball
2-0: Ground out U3 (Groundball, 3)
Top of the 6th over - 0 run(s), 0 hit(s), 0 error(s), 0 left on base; Columbia 1 - Bemidji 0
BOTTOM OF THE 6TH
Bemidji Benders batting - Pitching for Columbia 08s : RHP Cam Sparks
Batting: LHB Bruce Foster 0-0: Ball
1-0: Foul Ball, location: 2F
1-1: Ball
2-1: Fly out, F9 (Flyball, 89D)
Batting: SHB Dave Henley 0-0: Called Strike
0-1: Ball
1-1: Ball
2-1: Foul Ball, location: 2F
2-2: SINGLE (Line Drive, 5D)
Batting: LHB Todd Anderson 0-0: Fielders Choice at 2nd, 6-4 (Groundball, 6M)
Batting: LHB Raúl Morales 0-0: Swinging Strike
0-1: Foul Ball, location: 2F
0-2: Ground out 4-3 (Groundball, 4)
Bottom of the 6th over - 0 run(s), 1 hit(s), 0 error(s), 1 left on base; Columbia 1 - Bemidji 0
TOP OF THE 7TH
Columbia 08s batting - Pitching for Bemidji Benders : RHP Sixto Santiago
Batting: RHB Tom Hicks 0-0: Ball
1-0: Ground out 4-3 (Groundball, 4)
Pitching: LHP Michael Miller
Batting: RHB Ben Barker 0-0: Called Strike
0-1: Ball
1-1: Ball
2-1: Swinging Strike
2-2: Strikes out swinging
Batting: RHB Pablo Díaz 0-0: Foul Ball, location: 2F
0-1: Ball
1-1: Swinging Strike
1-2: Foul Ball, location: 2F
1-2: Foul Ball, location: 2F
1-2: Ball
2-2: Fly out, F6 (Popup, 6MD)
Top of the 7th over - 0 run(s), 0 hit(s), 0 error(s), 0 left on base; Columbia 1 - Bemidji 0
BOTTOM OF THE 7TH
Bemidji Benders batting - Pitching for Columbia 08s : RHP Cam Sparks
Batting: LHB Jesús Raugel 0-0: Called Strike
0-1: Foul Ball, location: 2F
0-2: Strikes out looking
Batting: RHB Bob Carr 0-0: Called Strike
0-1: DOUBLE (Line Drive, 78M)
Pitching: RHP Irwin Conway
Pinch Hitting: LHB Frank Jackson 0-0: Fly out, F9 (Flyball, 89D)
Runner from 2nd tags up, SAFE at 3rd, no throw
Pinch Hitting: SHB Conan Hanson 0-0: Ball
1-0: Called Strike
1-1: Called Strike
1-2: Fly out, F6 (Popup, 6)
Bottom of the 7th over - 0 run(s), 1 hit(s), 0 error(s), 1 left on base; Columbia 1 - Bemidji 0
TOP OF THE 8TH
Columbia 08s batting - Pitching for Bemidji Benders : LHP Michael Miller
Now at SS: Conan Hanson
Now in LF: Frank Jackson
Batting: RHB Bernardo Corona 0-0: Fly out, F8 (Flyball, 8LS)
Batting: RHB Juan Trujillo 0-0: Ball
1-0: Foul Ball, location: 2F
1-1: Called Strike
1-2: Ball
2-2: Strikes out swinging
Batting: LHB Francisco Gonzáles 0-0: Foul Ball, location: 2F
0-1: Foul Ball, location: 2F
0-2: Ball
1-2: SINGLE (Line Drive, 89S)
Batting: RHB Carlos López 0-0: SINGLE (Line Drive, 6M)
Francisco Gonzáles to second
Batting: RHB Casey Fox 0-0: Ball
1-0: Ball
2-0: Ground out 5-3 (Groundball, 56)
Top of the 8th over - 0 run(s), 2 hit(s), 0 error(s), 2 left on base; Columbia 1 - Bemidji 0
BOTTOM OF THE 8TH
Bemidji Benders batting - Pitching for Columbia 08s : RHP Irwin Conway
Pitching: RHP José Peña
Batting: RHB Roberto Solís 0-0: Called Strike
0-1: Ball
1-1: Foul Ball, location: 2F
1-2: Strikes out looking
Batting: LHB Bruce Foster 0-0: Ball
1-0: TRIPLE (Flyball, 9LM)
Batting: SHB Dave Henley 0-0: DOUBLE (Line Drive, 78M)
Bruce Foster scores
Batting: LHB Todd Anderson 0-0: Ball
1-0: Foul Ball, location: 2F
1-1: Foul Ball, location: 2F
1-2: Foul Ball, location: 2F
1-2: Fly out, F9 (Flyball, 9LM)
Batting: LHB Raúl Morales 0-0: Called Strike
0-1: Called Strike
0-2: Ball
1-2: Ground out 1-3 (Groundball, 15)
Bottom of the 8th over - 1 run(s), 2 hit(s), 0 error(s), 1 left on base; Columbia 1 - Bemidji 1
TOP OF THE 9TH
Columbia 08s batting - Pitching for Bemidji Benders : LHP Michael Miller
Pitching: LHP José Travez
Batting: RHB Jaime Hernández 0-0: Ground out 3-1 (Groundball, 34S)
Batting: RHB Tom Hicks 0-0: Called Strike
0-1: Called Strike
0-2: Foul Ball, location: 2F
0-2: Ball
1-2: Foul Ball, location: 2F
1-2: Strikes out looking
Batting: RHB Ben Barker 0-0: Foul Ball, location: 2F
0-1: Ball
1-1: Swinging Strike
1-2: Strikes out swinging
Top of the 9th over - 0 run(s), 0 hit(s), 0 error(s), 0 left on base; Columbia 1 - Bemidji 1
BOTTOM OF THE 9TH
Bemidji Benders batting - Pitching for Columbia 08s : RHP José Peña
Pitching: LHP León Hernández
Pinch Hitting: RHB Ramón Padilla 0-0: Called Strike
0-1: Foul Ball, location: 2F
0-2: Ground out 5-3 (Groundball, 5)
Batting: RHB Bob Carr 0-0: Ball
1-0: Called Strike
1-1: Ball
2-1: Called Strike
2-2: Ball
3-2: Foul Ball, location: 2F
3-2: Strikes out swinging
Batting: LHB Frank Jackson 0-0: Called Strike
0-1: Ball
1-1: Swinging Strike
1-2: Strikes out swinging
Bottom of the 9th over - 0 run(s), 0 hit(s), 0 error(s), 0 left on base; Columbia 1 - Bemidji 1
TOP OF THE 10TH
Columbia 08s batting - Pitching for Bemidji Benders : LHP José Travez
Now in CF: Carlos De La Rosa
Batting: RHB Pablo Díaz 0-0: Ball
1-0: SINGLE (Groundball, 4MD)
Batting: RHB Bernardo Corona 0-0: Bunted foul
0-1: Ball
1-1: Bunted foul
1-2: Ball
2-2: Foul Ball, location: 2F
2-2: Fly out, F8 (Flyball, 8LXD)
Pinch Hitting: RHB Jorge Mora 0-0: Called Strike
0-1: Ball
1-1: Called Strike
1-2: Foul Ball, location: 2F
1-2: Foul Ball, location: 2F
1-2: Foul Ball, location: 2F
1-2: Strikes out swinging
Pinch Hitting: RHB José Orozco 0-0: Called Strike
0-1: Ball
1-1: Foul Ball, location: 2F
1-2: Strikes out looking
Top of the 10th over - 0 run(s), 1 hit(s), 0 error(s), 1 left on base; Columbia 1 - Bemidji 1
BOTTOM OF THE 10TH
Bemidji Benders batting - Pitching for Columbia 08s : LHP León Hernández
Now at 2B: Jorge Mora
Now in LF: José Orozco
Batting: SHB Conan Hanson 0-0: Ball
1-0: Called Strike
1-1: Swinging Strike
1-2: Ball
2-2: Foul Ball, location: 2F
2-2: Strikes out swinging
Batting: RHB Roberto Solís 0-0: Ball
1-0: Fly out, F9 (Flyball, 89M)
Pinch Hitting: RHB Taylor Justice 0-0: Ball
1-0: Called Strike
1-1: Foul Ball, location: 2F
1-2: Strikes out swinging, 2-3 out at first.
Bottom of the 10th over - 0 run(s), 0 hit(s), 0 error(s), 0 left on base; Columbia 1 - Bemidji 1
TOP OF THE 11TH
Columbia 08s batting - Pitching for Bemidji Benders : LHP José Travez
Pitching: RHP Paço Boda
Now at 1B: Greg Carpenter
Pinch Hitting: LHB Ramiro Muñóz 0-0: Called Strike
0-1: Fly out, F8 (Flyball, 8LM)
Batting: RHB Casey Fox 0-0: Ball
1-0: Called Strike
1-1: Ball
2-1: Called Strike
2-2: Ball
3-2: Foul Ball, location: 2F
3-2: Strikes out swinging
Batting: RHB Jaime Hernández 0-0: Called Strike
0-1: Ball
1-1: Swinging Strike
1-2: Strikes out swinging
Top of the 11th over - 0 run(s), 0 hit(s), 0 error(s), 0 left on base; Columbia 1 - Bemidji 1
BOTTOM OF THE 11TH
Bemidji Benders batting - Pitching for Columbia 08s : LHP León Hernández
Pitching: RHP Claudio Romero
Now at 3B: Ramiro Muñóz
Batting: SHB Dave Henley 0-0: SINGLE (Flyball, 7S)
Batting: LHB Todd Anderson 0-0: Ball
1-0: Ball
2-0: Called Strike
2-1: SINGLE (Groundball, 4MD)
Dave Henley to second
Batting: LHB Raúl Morales 0-0: Ball
1-0: Ball
2-0: Foul Ball, location: 2F
2-1: Ball
3-1: Base on Balls
Dave Henley to third
Todd Anderson to second
Batting: LHB Carlos De La Rosa 0-0: SINGLE (Groundball, 4)
Dave Henley scores
Monday, December 5th, 2016 - OOTP Baseball 17.12 Build 75